AoeStats
← S e n r i z

Black Forest

510895653Analyzed
3v3 RM · 10h ago on Oct 3, 2026· 39m 33s· 6 players
Game mode
Random Map
Map size
Normal (6 player)
Population
200
Speed
Normal
Resources
Standard
Victory
Conquest
Starting age
Dark Age
Ending age
Imperial Age
RankedLock teamsTeams togetherTeam positionsShared explorationLock speedFull tech treeHidden civsTurbo modeCheats
Victory
Defeat
🇦🇷 Dravidians · Argentina
1172
+14
🇨🇱 Chinese · Chile
1158
+15
🇨🇱 Bohemians · Chile
1150
+15
🇲🇽 Poles · Mexico
1161
-15
🇮🇳 Chinese · India
1142
-15
🇺🇸 Goths · United States
1112
-14
THE REAL DEAL*
0:27 Loom
13:39 Feudal Age
17:36 Castle Age
15:38 Double-Bit Axe
16:52 Wheelbarrow
24:59 Bow Saw
24:35 Horse Collar
26:43 Hand Cart
26:16 Town Watch
27:16 Heavy Plow
31:37 Imperial Age
29:39 Caravan
29:58 Gold Mining
29:58 Stone Mining
30:24 Pikeman
31:05 Squires
31:42 Town Patrol
33:18 Chemistry
32:51 Crop Rotation
33:42 Two-Man Saw
33:02 Elite Skirmisher
36:15 Conscription
vibhuyasha
0:32 Loom
14:00 Feudal Age
19:22 Castle Age
17:13 Horse Collar
17:21 Double-Bit Axe
19:04 Fletching
19:15 Padded Archer Armor
20:08 Wheelbarrow
24:09 Heavy Plow
26:20 Bodkin Arrow
28:00 Fortified Wall
28:12 Ballistics
30:21 Hand Cart
33:56 Imperial Age
31:50 Great Wall
32:19 Leather Archer Armor
33:17 Masonry
33:16 Thumb Ring
33:15 Caravan
34:42 Bow Saw
35:01 Conscription
35:16 Rocketry
34:52 Crossbowman
37:25 Bracer
BlankZombie18
1:02 Loom
12:44 Feudal Age
17:06 Castle Age
17:14 Double-Bit Axe
17:10 Horse Collar
18:13 Bow Saw
19:00 Wheelbarrow
21:39 Hand Cart
21:12 Town Watch
22:30 Town Patrol
27:18 Heavy Plow
27:25 Scale Barding Armor
27:30 Forging
27:59 Szlachta Privileges
28:02 Husbandry
28:13 Bloodlines
34:25 Imperial Age
31:36 Light Cavalry
34:40 Chain Barding Armor
34:55 Iron Casting
34:29 Onager
35:33 Conscription
35:34 Lechitic Legacy
36:13 Crop Rotation
35:34 Stone Mining
35:37 Gold Mining
35:23 Winged Hussar
66 | MARCEL
1:12 Loom
11:27 Feudal Age
15:09 Castle Age
13:20 Double-Bit Axe
16:00 Bow Saw
20:18 Horse Collar
23:30 Heavy Plow
24:28 Wheelbarrow
24:25 Town Watch
26:38 Hand Cart
26:44 Gold Mining
26:49 Stone Mining
31:38 Imperial Age
29:33 Ballistics
29:05 Fletching
29:15 Padded Archer Armor
29:42 Bodkin Arrow
29:48 Padded Archer Armor
30:46 Town Patrol
31:04 Fortified Wall
32:12 Masonry
32:17 Thumb Ring
33:24 Chemistry
32:33 Bracer
34:45 Leather Archer Armor
33:55 Elite Elephant Archer
35:40 Medical Corps
35:56 Conscription
38:51 Caravan
38:58 Caravan
S e n r i z
0:28 Loom
11:26 Feudal Age
15:49 Castle Age
14:00 Double-Bit Axe
14:06 Horse Collar
20:29 Bow Saw
22:02 Heavy Plow
26:47 Gold Mining
27:49 Wheelbarrow
29:53 Imperial Age
26:59 Man-at-Arms
27:41 Squires
28:26 Gold Shaft Mining
29:13 Forging
28:26 Long Swordsman
28:55 Arson
29:25 Scale Barding Armor
30:44 Iron Casting
31:45 Two-Man Saw
31:18 Conscription
30:55 Town Watch
31:35 Hand Cart
31:40 Two-Handed Swordsman
34:04 Blast Furnace
33:05 Scale Mail Armor
33:21 Champion
35:59 Chain Mail Armor
36:13 Town Patrol
38:00 Elite Skirmisher
38:47 Thumb Ring
39:26 Ballistics
40:06 Chemistry
39:56 Plate Mail Armor
39:17 Fletching
39:27 Padded Archer Armor
SebaPlayer
10:37 Feudal Age
9:10 Loom
11:14 Double-Bit Axe
18:35 Castle Age
17:28 Horse Collar
21:27 Bow Saw
22:37 Wheelbarrow
27:17 Imperial Age
26:37 Chemistry
25:45 Pikeman
26:59 Heavy Plow
27:42 Forging
28:30 Hand Cart
29:54 Two-Man Saw
31:47 Conscription
32:45 Iron Casting
32:11 Scale Mail Armor
33:53 Houfnice
35:36 Halberdier
36:25 Siege Engineers
Connection lost

Rejoining the realm…

Still unreachable

The connection could not be restored.

Session expired

The server has moved on; the page needs a fresh start.